AoeStats
← OmarGutieG

Socotra

504461925Analyzed
2v2 RM · 27d ago on Sep 5, 2026· 38m 22s· 4 players
Game mode
Random Map
Map size
Tiny (2 player)
Population
200
Speed
Normal
Resources
Standard
Victory
Conquest
Starting age
Dark Age
Ending age
Imperial Age
RankedLock teamsTeams togetherTeam positionsShared explorationLock speedFull tech treeHidden civsTurbo modeCheats
Victory
Defeat
🇲🇽 Magyars · Mexico
1235
+16
🇲🇽 Mongols · Mexico
1221
+16
🇸🇰 Bulgarians · Slovakia
1230
-16
🇨🇦 Persians · Canada
1230
-16
armigame1
7:03 Loom
9:47 Feudal Age
20:14 Castle Age
18:54 Double-Bit Axe
19:02 Gold Mining
19:20 Scale Barding Armor
20:10 Bloodlines
27:27 Gold Shaft Mining
31:45 Husbandry
33:06 Wheelbarrow
32:38 Horse Collar
32:51 Stone Mining
35:14 Chain Barding Armor
38:03 Imperial Age
38:07 Cavalier
OmarGutieG
5:45 Loom
9:46 Feudal Age
18:06 Double-Bit Axe
19:17 Fletching
26:44 Castle Age
31:18 Bodkin Arrow
31:24 Padded Archer Armor
shevoadept
5:28 Loom
16:20 Feudal Age
28:25 Castle Age
30:33 Horse Collar
37:03 Scale Barding Armor
37:39 Bloodlines
♕Shefik♕
7:49 Loom
10:37 Feudal Age
11:08 Double-Bit Axe
18:13 Wheelbarrow
21:27 Castle Age
19:32 Stone Mining
20:19 Forging
20:43 Scale Mail Armor
23:09 Bow Saw
22:42 Horse Collar
24:11 Pikeman
31:59 Gold Mining
33:15 Scale Barding Armor
Connection lost

Rejoining the realm…

Still unreachable

The connection could not be restored.

Session expired

The server has moved on; the page needs a fresh start.